 Dungeon Crawl Stone Soup version 0.30.0-20-g3615ddf2f0 (webtiles) character file.

Game seed: 16348891333635209605

798 qw the Blocker (level 7, -1/41 HPs)
             Began as a Gargoyle Fighter on June 1, 2023.
             Slain by a white imp (3 damage)
             ... summoned by Eustachio
             ... on level 5 of the Dungeon.
             The game lasted 00:02:13 (3978 turns).

qw the Blocker (Gargoyle Fighter)                   Turns: 3978, Time: 00:02:13

Health: -1/41      AC: 11    Str: 21    XL:     7   Next: 89%
Magic:  7/7        EV:  7    Int:  9    God:
Gold:   281        SH: 14    Dex:  9    Spells: 6/6 levels left

rFire   . . .        Y - +1 war axe
rCold   . . .        m - +0 tower shield
rNeg    + . .        b - +0 scale mail
rPois   inf          (no helmet)
rElec   +            (no cloak)
rCorr   .            (no gloves)
SInv    .            (no boots)
Will    .....        (no amulet) Stlth
                     (no ring)
HPRegen 0.26/turn    (no ring)
MPRegen 0.10/turn

%: no passive effects
@: about to teleport
A: sickness immunity, AC +4, negative energy resistance 1, electricity
resistance, torment resistance 1, petrification resistance
a: no special abilities


You were on level 5 of the Dungeon.
You visited 1 branch of the dungeon, and saw 5 of its levels.

You collected 311 gold pieces.
You spent 30 gold pieces at shops.


Innate Abilities, Weirdness & Mutations

You are immune to sickness and miasma.
Your stone body is resilient. (AC +4)
You are immune to poison.
You resist negative energy. (rN+)
You are resistant to electric shocks. (rElec)
You are resistant to unholy torment.
You are immune to petrification.


   Skills:
 - Level 3.2 Fighting
 + Level 4.9 Axes
 - Level 3.2 Armour
 - Level 8.2 Shields


You had 6 spell levels left.
You didn't know any spells.
Your spell library was empty.

Inventory:

Hand Weapons
 e - a +0 morningstar
 Y - a +1 war axe (weapon)
Armour
 b - a +0 scale mail (worn)
 m - a +0 tower shield (worn)
Jewellery
 k - a ring of fire
Scrolls
 a - 2 scrolls of enchant armour
 f - 3 scrolls of identify
 h - a scroll of teleportation
Potions
 c - a potion of mutation
 d - a potion of might
 g - 2 potions of attraction
 i - a potion of lignification
 j - 2 potions of curing
 l - a potion of haste

Dungeon Overview and Level Annotations

Branches:
Dungeon (5/15)
 Temple: D:4-7

Altars:

Shops:
D:1 *   D:3 =

Annotations:
D:5 Eustachio


Message History

Eustachio is heavily wounded.
You closely miss the iron imp.
Eustachio mumbles some strange words.
Eustachio blinks!
You block the iron imp's attack. The iron imp hits you.
You slash the iron imp!
The iron imp is heavily wounded.
You block the iron imp's attack.
You hit the iron imp.
The iron imp is almost dead.
You block the iron imp's attack.
You barely miss the iron imp.
The iron imp is almost dead.
You closely miss Eustachio.
Eustachio mumbles some strange words.
The iron imp hits you but does no damage.
You slash the iron imp!
You kill the iron imp!
The iron imp disappears in a puff of smoke!
You barely miss Eustachio.
Eustachio mumbles some strange words.
Eustachio blinks!
The white imp gestures at you. You block the puff of frost.
You slash the iron imp!
The iron imp is severely wounded.
The white imp grinds its teeth.
The iron imp hits you. The white imp gestures at you.
The puff of frost hits you.
You hit the iron imp.
The iron imp is severely wounded.
You hit the white imp but do no damage. You block the iron imp's attack.
The white imp gestures at you. The puff of frost hits you!
3978 ||| READING 2 scrolls of teleportation.
As you read the scroll of teleportation, it crumbles to dust.
You feel strangely unstable. The white imp hits you. The white imp freezes you.
You die...

#...................###
.........................
......#...............55o
...................)..5.{
.........................#)
#........................#o
#.......$..................
#........55.............#..
#.........@@....##.........
#..........##.####.....@...
#####
#...........)........##....
....######........)......[.
.................#.......##
.....######........####...#
.....# ##...#....#.....##
.....# ###...............
....## #...#...........


You could see Eustachio, an iron imp (summoned) and a white imp (summoned).

Vanquished Creatures
  An ice beast (D:4)
  2 ogres
  A phantom (D:5)
  A scorpion (D:5)
  A hound (D:5)
  3 orc priests
  A sleepcap (D:5)
  An iguana (D:4)
  3 orc wizards
  A gnoll (D:1)
  5 adders
  An ufetubus (D:5)
  3 worms
  A dart slug (D:1)
  9 orcs
  10 endoplasms
  4 giant cockroaches
  3 goblins
  8 hobgoblins
  7 jackals
  2 quokkas (D:2)
  11 ball pythons
  5 bats
  3 frilled lizards
  8 kobolds
  5 rats (D:1)
100 creatures vanquished.

Notes
Turn   | Place    | Note
-------+----------+-------------------------------------------
     0 | D:1      | qw the Gargoyle Fighter began the quest for the Orb.
     0 | D:1      | Reached XP level 1. HP: 14/14 MP: 1/1
     0 | D:1      | 0 ||| qw: Version: 0.2-a-102-gfc559e5
     0 | D:1      | 0 ||| qw: Game counter: 645
     0 | D:1      | 0 ||| qw: Always use a shield: true
     0 | D:1      | 0 ||| qw: God list: Okawaru
     0 | D:1      | 0 ||| qw: Allow faded altars: false
     0 | D:1      | 0 ||| qw: Do Orc after D:15 true
     0 | D:1      | 0 ||| qw: Do second Lair branch before Depths: true
     0 | D:1      | 0 ||| qw: Lair rune preference: random
     0 | D:1      | 0 ||| qw: Plans: Normal, Zot:1-4, Slime:5, God:TSO, Crypt,
                  | Tomb, Pan, Hells, Abyss, Win
     0 | D:1      | 0 ||| PLANNING D:1-11
   110 | D:1      | Reached XP level 2. HP: 19/19 MP: 2/2
   119 | D:1      | 119 ||| Stepping ~*~*~tactically~*~*~ (hiding).
   120 | D:1      | 120 ||| Stepping ~*~*~tactically~*~*~ (hiding).
   229 | D:1      | 229 ||| Stepping ~*~*~tactically~*~*~ (hiding).
   237 | D:1      | Reached skill level 3 in Axes
   351 | D:1      | Reached XP level 3. HP: 23/23 MP: 3/3
   402 | D:1      | 402 ||| Stepping ~*~*~tactically~*~*~ (hiding).
   513 | D:1      | 513 ||| DROPPING +0 club.
   576 | D:1      | Found Harumip's General Store.
   584 | D:1      | 584 ||| SHOPLISTING +0 plate armour (230 gold, have 41).
   584 | D:1      | 584 ||| SHOPLISTING +2 plate armour of poison resistance
                  | (370 gold, have 41).
   584 | D:1      | 584 ||| SHOPLISTING potion of haste (100 gold, have 41).
   584 | D:1      | 584 ||| SHOPLISTING scroll of enchant weapon (75 gold, have
                  | 41).
   584 | D:1      | 584 ||| BUYING scroll of teleportation (30 gold).
   584 | D:1      | Bought a scroll of teleportation for 30 gold pieces
   850 | D:1      | 850 ||| DROPPING scarf of invisibility.
   851 | D:1      | 851 ||| UPGRADING to +0 tower shield.
   861 | D:1      | 861 ||| DROPPING +0 buckler.
   862 | D:1      | 862 ||| DROPPING amulet of magic regeneration.
   863 | D:1      | 863 ||| READING 2 scrolls labelled ORREPI NUYPT.
   864 | D:1      | 864 ||| READING scroll labelled MEDAQY ZOTO.
   965 | D:1      | 965 ||| READING scroll labelled XASAEZXAGH.
   966 | D:1      | 966 ||| READING scroll labelled ITHRYL NYLO.
  1147 | D:2      | 1147 ||| Stepping ~*~*~tactically~*~*~ (stealth).
  1148 | D:2      | 1148 ||| Stepping ~*~*~tactically~*~*~ (stealth).
  1149 | D:2      | 1149 ||| Stepping ~*~*~tactically~*~*~ (stealth).
  1150 | D:2      | 1150 ||| Stepping ~*~*~tactically~*~*~ (stealth).
  1245 | D:2      | 1245 ||| Stepping ~*~*~tactically~*~*~ (stealth).
  1247 | D:2      | 1247 ||| Stepping ~*~*~tactically~*~*~ (stealth).
  1248 | D:2      | 1248 ||| Stepping ~*~*~tactically~*~*~ (stealth).
  1259 | D:2      | 1259 ||| Stepping ~*~*~tactically~*~*~ (stealth).
  1260 | D:2      | 1260 ||| Stepping ~*~*~tactically~*~*~ (stealth).
  1271 | D:2      | 1271 ||| DROPPING +0 whip.
  1323 | D:2      | Reached XP level 4. HP: 28/28 MP: 4/4
  1429 | D:2      | Reached skill level 4 in Shields
  1788 | D:2      | 1788 ||| DROPPING ring of magical power.
  1789 | D:2      | 1789 ||| DRINKING 4 bubbling ruby potions.
  1857 | D:3      | 1857 ||| Stepping ~*~*~tactically~*~*~ (stealth).
  1903 | D:3      | 1903 ||| DROPPING +0 flail.
  1907 | D:3      | Found Plog's Jewellery Shoppe.
  1915 | D:3      | 1915 ||| SHOPLISTING +4 ring of protection (396 gold, have
                  | 81).
  1915 | D:3      | 1915 ||| SHOPLISTING amulet "Eclea" {Acrobat rC+} (484
                  | gold, have 81).
  1915 | D:3      | 1915 ||| SHOPLISTING amulet of Givvois {Faith rC+++ rN+++
                  | Str-5 Slay-6} (740 gold, have 81).
  1915 | D:3      | 1915 ||| SHOPLISTING amulet of faith (440 gold, have 81).
  1915 | D:3      | 1915 ||| SHOPLISTING ring of ice (275 gold, have 81).
  1915 | D:3      | 1915 ||| SHOPLISTING ring of protection from fire (275
                  | gold, have 81).
  1915 | D:3      | 1915 ||| SHOPLISTING ring of see invisible (165 gold, have
                  | 81).
  1977 | D:3      | HP: 4/28 [kobold/+2 dagger of holy wrath (5)]
  1978 | D:3      | 1978 ||| READING 4 scrolls of teleportation.
  1980 | D:3      | Reached skill level 5 in Shields
  1980 | D:3      | Reached XP level 5. HP: 5/32 MP: 5/5
  2051 | D:3      | 2051 ||| Stepping ~*~*~tactically~*~*~ (stealth).
  2332 | D:3      | 2332 ||| Stepping ~*~*~tactically~*~*~ (stealth).
  2337 | D:3      | 2337 ||| Stepping ~*~*~tactically~*~*~ (stealth).
  2353 | D:3      | 2353 ||| Stepping ~*~*~tactically~*~*~ (stealth).
  2355 | D:3      | 2355 ||| Stepping ~*~*~tactically~*~*~ (stealth).
  2357 | D:3      | 2357 ||| Stepping ~*~*~tactically~*~*~ (stealth).
  2518 | D:3      | 2518 ||| READING 2 scrolls labelled UDDIHY CETO.
  2519 | D:3      | 2519 ||| DRINKING 3 inky potions.
  2520 | D:3      | 2520 ||| READING 5 scrolls of identify.
  2520 | D:3      | 2520 ||| IDENTIFYING sedimented brown potion
  2521 | D:3      | 2521 ||| READING 4 scrolls of identify.
  2521 | D:3      | 2521 ||| IDENTIFYING bubbling red potion
  2522 | D:3      | 2522 ||| READING 3 scrolls of identify.
  2522 | D:3      | 2522 ||| IDENTIFYING fuming red potion
  2523 | D:3      | 2523 ||| DROPPING scroll of blinking.
  2579 | D:4      | Noticed an ice beast
  2587 | D:4      | Killed an ice beast
  2588 | D:4      | Reached skill level 6 in Shields
  2588 | D:4      | Reached XP level 6. HP: 22/37 MP: 6/6
  2704 | D:4      | HP: 5/37 [ogre/+0 giant club (18)]
  2705 | D:4      | 2705 ||| READING 4 scrolls of teleportation.
  2707 | D:4      | Reached skill level 7 in Shields
  2713 | D:4      | 2713 ||| READING 3 scrolls of teleportation.
  2713 | D:4      | HP: 6/37 [adder (2)]
  3316 | D:4      | 3316 ||| Stepping ~*~*~tactically~*~*~ (hiding).
  3566 | D:4      | 3566 ||| READING scroll labelled JYHISM AFEEREM.
  3567 | D:4      | 3567 ||| READING scroll labelled HENACK WEDOAPS.
  3568 | D:4      | 3568 ||| DRINKING 2 blue potions.
  3569 | D:4      | 3569 ||| READING 5 scrolls of identify.
  3569 | D:4      | 3569 ||| IDENTIFYING fizzy brown potion
  3570 | D:4      | 3570 ||| READING 4 scrolls of identify.
  3570 | D:4      | 3570 ||| IDENTIFYING green potion
  3571 | D:4      | 3571 ||| DROPPING potion of brilliance.
  3572 | D:4      | 3572 ||| DROPPING potion of flight.
  3579 | D:5      | Entered Level 5 of the Dungeon
  3592 | D:5      | 3592 ||| STAIRDANCE
  3654 | D:5      | Reached XP level 7. HP: 29/41 MP: 7/7
  3737 | D:5      | Noticed Eustachio
  3744 | D:5      | 3744 ||| DRINKING 3 potions of curing.
  3744 | D:5      | 3744 ||| (to cure confusion)
  3747 | D:5      | HP: 5/41 [ogre/+0 giant club (7)]
  3748 | D:5      | 3748 ||| READING 3 scrolls of teleportation.
  3749 | D:5      | 3749 ||| DRINKING potion of heal wounds.
  3752 | D:5      | Reached skill level 8 in Shields
  3939 | D:5      | 3939 ||| Stepping ~*~*~tactically~*~*~ (hiding).
  3940 | D:5      | 3940 ||| Stepping ~*~*~tactically~*~*~ (stealth).
  3946 | D:5      | 3946 ||| Stepping ~*~*~tactically~*~*~ (stealth).
  3957 | D:5      | 3957 ||| Stepping ~*~*~tactically~*~*~ (stealth).
  3977 | D:5      | HP: 5/41 [white imp/puff of frost[Eustachio] (11)]
  3978 | D:5      | 3978 ||| READING 2 scrolls of teleportation.
  3978 | D:5      | HP: 2/41 [white imp[Eustachio] (3)]
  3978 | D:5      | Slain by a white imp

Levels and vault maps discovered:
D:1:      dpeg_arrival_prison, layout_rooms, serial_shops, shop
D:2:      minmay_evil_eye, layout_basic, minmay_liquid_box, minmay_domino_2
D:3:      minmay_chambers_of_twos, layout_rooms, serial_shops, shop
D:4:      layout_basic
D:5:      layout_rooms, uniq_eustachio

Skill      XL: |  1  2  3  4  5  6  7 |
---------------+----------------------+-----
Axes           | 2 3 4 |  4.9
Shields        | 5 6 7 8 |  8.2
Fighting       | |  3.2
Armour         | |  3.2

Action                     |  1- 3 |  4- 6 |  7- 9 || total
---------------------------+-------+-------+-------++-------
  Melee: War axe           |    99 |   190 |    70 ||   359
    Use: Scroll            |     4 |    11 |     2 ||    17
         Potion            |       |     3 |     2 ||     5
 Armour: Scale mail        |    41 |   131 |    64 ||   236
  Dodge: Dodged            |    26 |    63 |    30 ||   119
  Block: Buckler           |     9 |       |       ||     9
         Tower shield      |    30 |   147 |    71 ||   248

Table legend:
 A = Non-vault XP
 B = Vault XP
 C = Vault XP percentage of total XP
 D = Non-vault monster count
 E = Vault monster count
 F = Vault count percentage of total count
                 A         B        C        D         E       F
            +---------+---------+-------+---------+---------+-------
      Total |    1100 |      40 |   3.5 |      84 |      16 |  16.0
            +---------+---------+-------+---------+---------+-------
        D:1 |      43 |       5 |  10.4 |      18 |       4 |  18.2
        D:2 |      34 |       6 |  15.0 |      14 |       4 |  22.2
        D:3 |     145 |      29 |  16.7 |      19 |       8 |  29.6
        D:4 |     345 |       0 |   0.0 |      20 |       0 |   0.0
        D:5 |     533 |       0 |   0.0 |      13 |       0 |   0.0
            +---------+---------+-------+---------+---------+-------
